 Dungeon Crawl Stone Soup version 0.31.0-11-ge490571c62 (webtiles) character file.

Game seed: 14183929140550378222

5732 Curundu the Cleaver (level 10, -17/91 HPs)
             Began as a Minotaur Berserker on Feb 9, 2024.
             Was a Priest of Trog.
             Demolished by an enormous slime creature (75 damage)
             ... on level 9 of the Dungeon.
             The game lasted 00:27:12 (8494 turns).

Curundu the Cleaver (Minotaur Berserker)            Turns: 8494, Time: 00:27:15

Health: -17/91     AC: 19    Str: 26    XL:     10   Next: 48%
Magic:  9/9        EV:  9    Int:  4    God:    Trog [***...]
Gold:   423        SH:  0    Dex: 10    Spells: 9/9 levels left

rFire   . . .        E - +2 war axe (freeze)
rCold   . . .        (no shield)
rNeg    . . .        A - +0 plate armour
rPois   .            (helmet restricted)
rElec   .            G - +2 cloak {Will+}
rCorr   .            d - +0 pair of gloves
SInv    .            (no boots)
Will    +++..        g - amulet of regeneration Stlth
                     (no ring)
HPRegen 2.15/turn    (no ring)
MPRegen 0.11/turn

%: no passive effects
@: strong-willed, regenerating
A: horns 2, retaliatory headbutt
a: Renounce Religion, Berserk, Trog's Hand


You were on level 9 of the Dungeon.
You worshipped Trog.
Trog was most pleased with you.
You visited 1 branch of the dungeon, and saw 9 of its levels.
You also visited: Sewer.

You collected 423 gold pieces.

Inventory:

Hand Weapons
 v - a +2 halberd of flaming
 D - a +4 hand axe of freezing
 E - a +2 war axe of freezing (weapon)
Armour
 d - a +0 pair of gloves (worn)
 A - a +0 plate armour (worn)
 G - a +2 cloak of willpower (worn)
Jewellery
 g - an amulet of regeneration (around neck)
 x - an amulet of reflection
Wands
 b - a wand of paralysis (16)
 h - a wand of polymorph (8)
 y - a wand of acid (5)
Scrolls
 a - a scroll of blinking
 f - 4 scrolls of teleportation
 j - a scroll of enchant weapon
 o - a scroll of vulnerability
 q - 2 scrolls of revelation
 u - a scroll of fear
 C - a scroll of noise
Potions
 c - 4 potions of haste
 e - 3 potions of heal wounds
 i - a potion of might {unknown}
 k - 2 potions of berserk rage
 l - 2 potions of cancellation {unknown}
 m - a potion of resistance {unknown}
 n - 3 potions of curing
 p - a potion of invisibility {unknown}
 r - 3 potions of attraction {unknown}
 s - 3 potions of lignification
 w - a potion of ambrosia {unknown}


   Skills:
 + Level 9.3 Fighting
 + Level 12.4 Axes
 + Level 10.1 Armour
 + Level 5.4 Dodging
 + Level 0.2 Stealth
 + Level 3.7 Shields


You had 9 spell levels left.
You didn't know any spells.
Your spell library was empty.

Dungeon Overview and Level Annotations

Branches:
Dungeon (9/15)             Temple (0/1) D:7           Sewer (visited)
   Lair: D:8-11         Orc: D:9-12

Altars:
Ashenzari
Dithmenos
Fedhas
Gozag
Makhleb
Nemelex Xobeh
Ru
Sif Muna

Shops:
D:5 *


Innate Abilities, Weirdness & Mutations

You have a pair of horns on your head.
You reflexively headbutt those who attack you in melee.


Message History

There is an open door here.
Two slime creatures merge to form a large slime creature.
The slime creature attacks as it pursues you!
The slime creature hits you!
There is an open door here.
You slash the slime creature! You freeze the slime creature.
Your headbutt misses the slime creature.
The slime creature is lightly wounded.
You slash the large slime creature! You freeze the large slime creature.
You slash the slime creature! You freeze the slime creature.
You headbutt the slime creature!
The slime creature is heavily wounded.
You hit the large slime creature. You freeze the large slime creature.
The slime creature misses you.
You slash the slime creature! You freeze the slime creature.
The slime creature is severely wounded.
You hit the large slime creature. You freeze the large slime creature.
Two slime creatures merge to form a very large slime creature.
The slime creature barely misses you. You furiously retaliate!
You headbutt the slime creature!
Two slime creatures merge to form an enormous slime creature.
Your skin crawls.
You feel strong-willed. The slime creature hits you.
You hit the enormous slime creature. You freeze the enormous slime creature.
The enormous slime creature is lightly wounded.
You barely miss the slime creature.
The slime creature hits you but does no damage.
You slash the enormous slime creature! You freeze the enormous slime creature.
You headbutt the enormous slime creature.
The enormous slime creature is lightly wounded.
You hit the slime creature. You freeze the slime creature.
The enormous slime creature hits you!! The slime creature barely misses you.
You slash the enormous slime creature! You freeze the enormous slime creature.
The enormous slime creature is moderately wounded.
You slash the slime creature! You freeze the slime creature.
The slime creature hits you but does no damage.
The enormous slime creature hits you!!!!
Ouch! That really hurt!
You die...

....... ......#
......# #.. ......# ##
#..... .>....# #...
#....##......# #...
#....#.......#
#...#####....#JJ.....#
#............#@#####.#
#..................+
##..................#
#...................#
#..........####.....+
#..........# #.....#
######....## #+###....
#....# .... #<...# ...


You could see an enormous slime creature and a slime creature.

Vanquished Creatures
  Maurice (D:7)
  Joseph (D:7)
  Maggie (D:6)
  Jeremiah (D:7)
  3 hornets
  A wyvern (D:7)
  A water moccasin (D:5)
  An ice beast (D:8)
  2 black bears
  3 orc warriors
  3 sky beasts
  A crocodile (Sewer)
  4 ogres
  A centaur (D:8)
  3 bullfrogs
  5 scorpions
  5 wights (D:5)
  10 killer bees
  3 howler monkeys
  4 electric eels (D:7)
  Crazy Yiuf (D:6)
  A hound (D:6)
  A jelly (D:6)
  A bombardier beetle (D:7)
  4 orc priests
  2 sleepcaps
  4 iguanas
  8 orc wizards
  6 adders
  14 gnolls
  2 shadow imps
  2 ufetubi (D:6)
  A ribbon worm (D:2)
  2 dart slugs
  21 orcs
  6 bats
  3 endoplasms
  3 giant cockroaches
  8 goblins
  4 hobgoblins
  8 jackals
  2 quokkas
  9 ball pythons
  2 frilled lizards (D:3)
  8 kobolds
  6 rats
183 creatures vanquished.

Notes
Turn   | Place    | Note
-------+----------+-------------------------------------------
     0 | D:1      | Curundu the Minotaur Berserker began the quest for the Orb.
     0 | D:1      | Reached XP level 1. HP: 19/19 MP: 0/0
   152 | D:1      | Reached XP level 2. HP: 24/27 MP: 1/1
   154 | D:1      | Reached skill level 4 in Axes
   805 | D:2      | Reached ** piety under Trog
   812 | D:2      | Reached XP level 3. HP: 12/33 MP: 2/2
   933 | D:2      | Reached XP level 4. HP: 38/41 MP: 3/3
  1169 | D:2      | Found a blossoming altar of Fedhas.
  1293 | D:2      | Reached skill level 5 in Axes
  1989 | D:3      | Reached XP level 5. HP: 47/47 MP: 4/4
  2129 | D:3      | Identified the +2 ring mail of Discretion {rPois rC- rN+
                  | Regen+}
  2471 | D:3      | Reached skill level 5 in Fighting
  3030 | D:4      | Reached XP level 6. HP: 50/56 MP: 5/5
  3030 | D:4      | Found a glowing drain.
  3040 | Sewer    | Entered a sewer
  3143 | Sewer    | Reached skill level 6 in Axes
  3143 | Sewer    | Reached skill level 1 in Shields
  3477 | D:4      | Reached *** piety under Trog
  3786 | D:5      | Entered Level 5 of the Dungeon
  3804 | D:5      | Reached skill level 5 in Armour
  3804 | D:5      | Reached XP level 7. HP: 61/61 MP: 6/6
  3853 | D:5      | Reached skill level 7 in Axes
  3981 | D:5      | HP: 3/62 [poisoned by a water moccasin]
  4220 | D:5      | Found Xetici Jeini's General Store.
  4227 | D:5      | Reached XP level 8. HP: 64/70 MP: 7/7
  4519 | D:5      | Reached skill level 8 in Axes
  5186 | D:6      | Noticed a hornet
  5197 | D:6      | Killed a hornet
  5198 | D:6      | Reached skill level 9 in Axes
  5327 | D:6      | Found a runed translucent door.
  5328 | D:6      | Noticed Crazy Yiuf
  5335 | D:6      | Killed Crazy Yiuf
  5458 | D:6      | Reached XP level 9. HP: 79/79 MP: 8/8
  5565 | D:6      | Noticed Maggie
  5579 | D:6      | Killed Maggie
  5999 | D:7      | Reached skill level 10 in Axes
  6168 | D:7      | Found a burning altar of Makhleb.
  6168 | D:7      | Noticed a balrug
  6248 | D:7      | Found a staircase to the Ecumenical Temple.
  6270 | D:7      | Noticed Jeremiah
  6324 | D:7      | Noticed Maurice
  6356 | D:7      | Paralysed by something for 4 turns
  6367 | D:7      | Something stole an amulet of reflection
  6368 | D:7      | Something stole a +4 hand axe of freezing
  6372 | D:7      | Something stole 243 gold
  6374 | D:7      | Something stole 50 gold
  6380 | D:7      | Paralysed by something for 5 turns
  6400 | D:7      | Killed Maurice
  6401 | D:7      | Reached skill level 11 in Axes
  6401 | D:7      | Reached skill level 5 in Dodging
  6467 | D:7      | Found a shadowy altar of Dithmenos.
  6548 | D:7      | Found an opulent altar of Gozag.
  6631 | D:7      | Killed Jeremiah
  6632 | D:7      | Reached XP level 10. HP: 80/90 MP: 9/9
  6641 | D:7      | Reached **** piety under Trog
  7062 | D:7      | Noticed Joseph
  7074 | D:7      | Killed Joseph
  7456 | D:8      | Found a broken altar of Ashenzari.
  7482 | D:8      | Reached skill level 12 in Axes
  7553 | D:8      | Reached skill level 10 in Armour
  7587 | D:8      | Found a sparkling altar of Nemelex Xobeh.
  7739 | D:8      | Found a shimmering blue altar of Sif Muna.
  7747 | D:8      | Found the +0 toga "Victory" {*Victory Clar}
  7803 | D:8      | Found a sacrificial altar of Ru.
  8144 | D:8      | Identified the +0 helmet "Plog" {Str+3}
  8494 | D:9      | Demolished by an enormous slime creature

Illustrated notes

Levels and vault maps discovered:
D:1:      eino_arrival_water_star, layout_loops_ring, item_on_display_a
D:2:      layout_basic, basic_altar, minmay_vboxes
D:3:      layout_basic
D:4:      layout_cave_pools, portal_sewer_entry_d
D:5:      layout_basic, serial_shops, nicolae_shop_stone, minmay_crystal_room
D:6:      layout_rooms, uniq_maggie, uniq_crazy_yiuf_cottage
D:7:      layout_loops_corners, grunt_gozag_statues, makhleb_altar_promises_db,
          mainiacjoe_overflow_boulevard, temple_green, serial_bayou,
          serial_bayou_crossing, serial_bayou_lagoon_a, serial_bayou_lagoon_b,
          serial_bayou_pond_b, serial_library_hellmonk_statue_hall,
          item_on_display_a, uniq_joseph, uniq_jeremiah, uniq_maurice
D:8:      layout_layer_cave, mainiacjoe_overflow_cross_hatched,
          mainiacjoe_overflow_surrounded_room,
          nemelex_xobeh_ov_fountains_minmay, nicolae_sif_muna_condensation
D:9:      layout_irregular_city, mainiacjoe_overflow_brackets,
          mainiacjoe_overflow_paths

Skill      XL: |  1  2  3  4  5  6  7  8  9 10 |
---------------+-------------------------------+-----
Fighting       | 4 5 7 8 9 |  9.3
Axes           | 4 5 6 7 9 11 12 | 12.4
Armour         | 3 5 6 7 9 10 | 10.1
Dodging        | 3 4 5 |  5.4
Shields        | 1 2 3 |  3.7
Stealth        | |  0.2

Action                     |  1- 3 |  4- 6 |  7- 9 | 10-12 || total
---------------------------+-------+-------+-------+-------++-------
  Melee: Hand axe          |    46 |   135 |   146 |       ||   327
         Headbutt          |     5 |    21 |    31 |    24 ||    81
         Punch             |       |     1 |       |     1 ||     2
         War axe           |       |       |   134 |    86 ||   220
 Invoke: Berserk           |     1 |       |     1 |       ||     2
         Trog's Hand       |       |     2 |     9 |     3 ||    14
    Use: Scroll            |       |     4 |    19 |     1 ||    24
 Armour: Animal skin       |    18 |       |       |       ||    18
         Chain mail        |    15 |    89 |   240 |    53 ||   397
         Plate armour      |       |       |       |    11 ||    11
  Dodge: Dodged            |    21 |    58 |    99 |    46 ||   224
  Block: Other             |     6 |    29 |    17 |       ||    52
